 Dungeon Crawl Stone Soup version 0.31-a0-145-g046c7d2549 (webtiles) character file.

Game seed: 1517732319669291844

386 2FriedEggs the Slasher (level 6, -5/42 HPs)
             Began as an Octopode Berserker on June 6, 2023.
             Was a Priest of Trog.
             Splashed by a jelly's acid (8 damage)
             ... on level 4 of the Dungeon.
             The game lasted 00:05:20 (3020 turns).

2FriedEggs the Slasher (Octopode Berserker)         Turns: 3020, Time: 00:05:20

Health: -5/42      AC:  2    Str: 23    XL:     6   Next: 78%
Magic:  6/6        EV: 13    Int:  9    God:    Trog [***...]
Gold:   185        SH:  3    Dex: 13    Spells: 5/5 levels left

rFire   . . .        a - +0 falchion
rCold   . . .        f - +0 buckler
rNeg    . . .        o - +1 hat
rPois   .            (no amulet)
rElec   .            e - +6 ring of strength
rCorr   .            (no ring)
SInv    .            (no ring)
Will    .....        (no ring)
Stlth   ++           (no ring)
HPRegen 0.27/turn    (no ring)
MPRegen 0.10/turn    (no ring)
                     (no ring)

%: no passive effects
@: no status effects
A: almost no armour, amphibious, 8 rings, camouflage 1, gelatinous body 1,
(nimble swimmer 1), tentacles
a: Renounce Religion, Berserk, Trog's Hand


You were on level 4 of the Dungeon.
You worshipped Trog.
Trog was most pleased with you.
You visited 1 branch of the dungeon, and saw 4 of its levels.

You collected 185 gold pieces.

Inventory:

Hand Weapons
 a - a +0 falchion (weapon)
Missiles
 h - 5 poisoned darts (quivered)
 r - 3 silver javelins
Armour
 f - a +0 buckler (worn)
 o - a +1 hat (worn)
Jewellery
 e - a +6 ring of strength (left tentacle)
Scrolls
 b - a scroll of identify
 i - 2 scrolls of teleportation
 m - 2 scrolls of noise
 p - a scroll of fog
Potions
 g - a potion of resistance {unknown}
 k - 3 potions of mutation {unknown}
 l - a potion of curing {unknown}


   Skills:
 - Level 3.0 Fighting
 * Level 7.2 Long Blades
 + Level 3.3 Dodging


You had 5 spell levels left.
You didn't know any spells.
Your spell library was empty.

Dungeon Overview and Level Annotations

Branches:
Dungeon (4/15)
 Temple: D:4-7

Altars:
Sif Muna
Xom


Innate Abilities, Weirdness & Mutations

You cannot wear most types of armour.
You are amphibious.
You can wear up to eight rings at the same time.
Your skin changes colour to match your surroundings (Stealth+).
Your rubbery body absorbs attacks. (AC +1, EV +1)
((You are camouflaged when in or above water. (Stealth+)))
You have tentacles for arms and can constrict up to eight enemies at once.


Message History

Trog accepts your kill. The hound barely misses you.
You hit the hound. Your grab misses the hound. Your squeeze misses the hound.
The hound is moderately wounded.
The hound closely misses you. The hound barely misses you.
You hit the hound. You grab the hound. You squeeze the hound.
You kill the hound!
Trog accepts your kill.
You hit the orc but do no damage. You grab the orc.
You constrict the orc, but do no damage.
The orc hits you with a +0 club.
You hit the orc but do no damage. You squeeze the orc!
You kill the orc!
Trog accepts your kill.
You hit the jelly.
Your tentacles burn!
The jelly is moderately wounded.
The jelly closely misses you.
You completely miss the jelly.
The jelly is moderately wounded.
The jelly misses you.
You hit the jelly.
Your tentacles burn!
The jelly is heavily wounded.
The jelly hits you.
You are splashed with acid!
You are too injured to fight recklessly!
You are too injured to fight recklessly!
You are too injured to fight recklessly!
You are too injured to fight recklessly!
You barely miss the jelly.
The jelly is heavily wounded.
The jelly barely misses you.
You hit the jelly.
Your tentacles burn!
The jelly is heavily wounded.
The jelly hits you.
You are splashed with acid!
* * * LOW HITPOINT WARNING * * *
You barely miss the jelly.
The jelly is heavily wounded.
The jelly hits you.
* * * LOW HITPOINT WARNING * * *
You are splashed with acid!
You die...

...............##
.†.......^......##
..##.##.(........#
.###...........### ##
#.......##..####
#####.............#
).###################
...# #... #..SJ†...###
#..# .w...
#...#@.....# #..#
......#...##.†...##
#).#
.....$ho..##......####
..##
.....S#...####.......#
.## ..... #...#
#######†# .# #...
#...# #.# ########
#...# #.# .#... #...#
##.## ...# #...+ #...#


You could see a jelly and a ball python.

Vanquished Creatures
  5 hounds (D:4)
  An iguana (D:3)
  An orc wizard (D:3)
  8 gnolls
  2 adders
  3 worms
  2 dart slugs (D:1)
  4 orcs
  4 bats (D:1)
  7 endoplasms
  2 giant cockroaches
  8 hobgoblins
  5 kobolds
  6 quokkas
  7 ball pythons
  5 frilled lizards
  7 goblins
  8 rats
85 creatures vanquished.

Notes
Turn   | Place    | Note
-------+----------+-------------------------------------------
     0 | D:1      | 2FriedEggs the Octopode Berserker began the quest for the
                  | Orb.
     0 | D:1      | Reached XP level 1. HP: 16/16 MP: 1/1
   128 | D:1      | Reached XP level 2. HP: 20/21 MP: 2/2
   323 | D:1      | Found a faded altar of an unknown god.
   399 | D:1      | Reached skill level 4 in Long Blades
   496 | D:1      | Reached XP level 3. HP: 26/26 MP: 3/3
   704 | D:1      | Reached ** piety under Trog
  1029 | D:2      | Reached XP level 4. HP: 16/31 MP: 4/4
  1033 | D:2      | Reached skill level 5 in Long Blades
  1824 | D:3      | Reached XP level 5. HP: 26/36 MP: 5/5
  1935 | D:3      | Identified the +5 spear "Lacaf" {holy, Dex+2}
  2005 | D:3      | Found a shimmering altar of Xom.
  2008 | D:3      | Found a shimmering blue altar of Sif Muna.
  2112 | D:3      | Reached *** piety under Trog
  2313 | D:4      | Reached skill level 6 in Long Blades
  2589 | D:4      | Reached XP level 6. HP: 34/42 MP: 6/6
  2921 | D:4      | Reached skill level 7 in Long Blades
  3020 | D:4      | Splashed by a jelly's acid

Illustrated notes

Levels and vault maps discovered:
D:1:      eino_arrival_cavern_b, layout_basic,
          shapermc_ecumenical_altar_mp_vishouse, minmay_tiny_reverse_x
D:2:      layout_loops_ring, palyth_stone_intersect
D:3:      layout_rooms, nicolae_overflow_squiral
D:4:      minmay_opposing_rooms, layout_cave_pools

Skill      XL: |  1  2  3  4  5  6 |
---------------+-------------------+-----
Long Blades    | 4 5 6 7 |  7.2
Fighting       | |  3.0
Dodging        | |  3.3

Action                     |  1- 3 |  4- 6 || total
---------------------------+-------+-------++-------
  Melee: Falchion          |    68 |   108 ||   176
         Constrict         |    22 |    30 ||    52
         Tentacles         |     8 |    23 ||    31
 Invoke: Berserk           |     1 |       ||     1
    Use: Scroll            |       |     8 ||     8
   Stab: Sleeping          |     7 |     1 ||     8
 Armour: Skin              |     6 |     3 ||     9
  Dodge: Dodged            |    47 |    56 ||   103
  Block: Buckler           |       |    13 ||    13

Table legend: (Time is in decaauts)
 A = Elapsed time spent in this place.
 B = Non-inter-level travel time spent in this place.
 C = Inter-level travel time spent in this place.
 D = Time resting spent in this place.
 E = Time spent auto-exploring this place.
 F = Levels seen in this place.
 G = Mean time per level.
                   A        B        C        D        E       F      G
               +--------+--------+--------+--------+--------+-----+--------+
         Total |   3042 |   2974 |     68 |    357 |   2002 |   4 |  760.5 |
       Dungeon |   3042 |   2974 |     68 |    357 |   2002 |   4 |  760.5 |
               +--------+--------+--------+--------+--------+-----+--------+

Top non-repeatable levels by time:
     D:1: 947 daAuts
     D:2: 865 daAuts
     D:3: 634 daAuts
     D:4: 595 daAuts
